 Dungeon Crawl Stone Soup version 0.29.1-12-g30fa7ad0bf (webtiles) character file.

Game seed: 5421515676359083883

55 hawla the Chiller (level 4, -1/33 HPs)
             Began as a Meteoran Ice Elementalist on Dec 13, 2022.
             Frozen to death by an endoplasm (3 damage)
             ... on level 4 of the Dungeon.
             The game lasted 00:03:36 (887 turns).

hawla the Chiller (Meteoran Ice Elementalist)        Turns: 887, Time: 00:03:37

Health: -1/33      AC:  2    Str: 10    XL:     4   Next: 36%
Magic:  10/10      EV: 12    Int: 18    God:
Gold:   104        SH:  0    Dex: 14    Spells: 2/10 levels left

rFire   . . .      SeeInvis .   (no weapon)
rCold   . . .      Faith    .   (no shield)
rNeg    . . .      Spirit   .   a - +0 robe
rPois   +          Reflect  .   (no helmet)
rElec   .          Harm     .   (no cloak)
rCorr   .          Rampage  .   (no gloves)
Will    .....                   (no boots)
Stlth   +.........              (no amulet)
HPRegen 0.11/turn               h - ring of poison resistance
MPRegen 0.12/turn               (no ring)

@: glowing
A: sense surroundings 1, otherworldly, glowing, explore regen
a: no special abilities


You were on level 4 of the Dungeon.
You visited 1 branch of the dungeon, and saw 4 of its levels.

You collected 126 gold pieces.
You spent 22 gold pieces at shops.

Inventory:

Armour
 a - a +0 robe (worn)
Jewellery
 h - a ring of poison resistance (left hand)
Scrolls
 d - a scroll of enchant weapon
 f - 2 scrolls of poison
 i - a scroll of blinking
Potions
 b - a potion of magic
 c - a potion of cancellation
 e - 2 potions of curing


   Skills:
 - Level 2.6 Dodging
 - Level 1.4 Stealth
 - Level 3.7 Spellcasting
 + Level 1.3 Conjurations
 - Level 5.1 Ice Magic


You had 2 spell levels left.
You knew the following spells:

 Your Spells              Type           Power      Damage    Failure   Level
a - Freeze                Ice            84%        1d10      1%          1
b - Frozen Ramparts       Ice            42%        1d7       5%          3
c - Hailstorm             Conj/Ice       15%        3d5       36%         4

Your spell library contained the following spells:

 Spells                   Type           Power      Damage    Failure   Level
 Ozocubu's Armour         Ice            21%        N/A       5%          3
 Metabolic Englaciation   Hex/Ice        6%         N/A       83%         5
 Summon Forest            Summ/Tloc      1%         N/A       99%         5
 Eringya's Noxious Bog    Tmut/Pois      1%         N/A       100%        6
 Simulacrum               Ice/Necr       6%         N/A       100%        6
 Summon Hydra             Summ           1%         N/A       100%        7


Dungeon Overview and Level Annotations

Branches:
Dungeon (4/15) Zot: 1485
 Temple: D:4-7

Altars:
Cheibriados

Shops:
D:2 *


Innate Abilities, Weirdness & Mutations

You passively map a small area around you.
You are easily found by Zot.
You glow in the dark.
You regain HP and MP as you explore.


Message History

Your Conjurations skill increases to level 1!
Unknown command.
The frozen ramparts melt away as you move.
HP restored.
You open the door.
An endoplasm comes into view.
The endoplasm quivers.
There is an open door here.
Casting: Freeze (safe; 1% risk of failure)
Confirm with . or Enter, or press ? or * to list all spells.
Casting: Frozen Ramparts (dangerous; 5% risk of failure)
Press: ? - help, Dir - look around, f - activate An open door.
The walls around you are covered in ice.
Casting: Frozen Ramparts (dangerous; 5% risk of failure)
Confirm with . or Enter, or press ? or * to list all spells.
Aiming: Freeze (safe; 1% risk of failure)
Press: ? - help, Shift-Dir - straight line, f - endoplasm
Aim: an endoplasm You freeze the endoplasm!
You kill the endoplasm!
Unknown command.
The frozen ramparts melt away as you move.
An endoplasm comes into view.
An endoplasm is nearby!
An ogre and a jelly come into view.
The ogre shouts!
The jelly quivers.
The endoplasm quivers.
A centaur comes into view.
An adder comes into view.
The adder hisses angrily.
The centaur wields a +0 shortbow.
The centaur shoots an arrow.
The arrow hits you!
The centaur shoots an arrow.
The arrow hits you! The ogre misses you. The jelly barely misses you.
The centaur shoots an arrow.
The arrow hits you!
* * * LOW HITPOINT WARNING * * *
The endoplasm freezes you.
You are frozen.
You die...

* ~ ~~ ~~ ~ ~ ~ *
≈≈.~~≈~~~ ~ , *
#.~~~...~ *
..~c..~. * **
##.'.... , * *
..#...###
#......#####
#####.O.J......#*
...S...@.......+
,,
......J........#*
*
####...........#
* * , ,
#...........## *
,#.####.......# ,
#. +.......# ~ ,
# #.......# * ,
~, * #.......#* *
* ,* *######'## ,


You could see an ogre, a centaur, a jelly, an adder and an endoplasm.

Vanquished Creatures
  2 adders
  A worm (D:2)
  A dart slug (D:3)
  2 ball pythons (D:1)
  6 endoplasms
  3 giant cockroaches
  4 goblins
  A hobgoblin (D:2)
  A jackal (D:1)
  A quokka (D:4)
  A bat (D:3)
  3 frilled lizards (D:2)
  A kobold (D:2)
  2 rats
29 creatures vanquished.

Vanquished Creatures (others)
  4 toadstools (D:1)
4 creatures vanquished.

Grand Total: 33 creatures vanquished

Notes
Turn   | Place    | Note
-------+----------+-------------------------------------------
     0 | D:1      | hawla the Meteoran Ice Elementalist began the quest for the
                  | Orb.
     0 | D:1      | Reached XP level 1. HP: 14/14 MP: 5/5
    50 | D:1      | Reached XP level 2. HP: 20/20 MP: 3/6
   295 | D:2      | Reached skill level 5 in Ice Magic
   353 | D:2      | Found Exzuj's Assorted Antiques.
   358 | D:2      | Reached XP level 3. HP: 20/26 MP: 6/8
   362 | D:2      | Learned a level 3 spell: Frozen Ramparts
   375 | D:2      | Bought a bubbling orange potion for 22 gold pieces
   570 | D:3      | Reached XP level 4. HP: 26/33 MP: 7/10
   575 | D:3      | Learned a level 4 spell: Hailstorm
   579 | D:3      | Found a snail-covered altar of Cheibriados.
   864 | D:4      | Reached skill level 1 in Conjurations
   884 | D:4      | Noticed an ogre
   885 | D:4      | Noticed a centaur
   887 | D:4      | Frozen to death by an endoplasm

Illustrated notes

Levels and vault maps discovered:
D:1:      ldierk_water_garden, layout_basic, st_stairs_3
D:2:      layout_rooms, serial_shops, nicolae_shop_stone, minivault_25,
          minmay_misc_feat_enclosed
D:3:      layout_loops_ring, mainiacjoe_overflow_catch_the_wave
D:4:      layout_basic, serial_rivers, chequers_serial_rivers_large_b,
          chequers_serial_rivers_micro_d, chequers_serial_rivers_micro_a,
          chequers_serial_rivers_small_3, uniq_natasha, uniq_grinder

Skill      XL: |  1  2  3  4 |
---------------+-------------+-----
Ice Magic      | 5 |  5.1
Spellcasting   | 3 |  3.7
Conjurations   | 1 |  1.3
Dodging        | |  2.6
Stealth        | |  1.4

Action                   |  1- 3 |  4- 6 || total
-------------------------+-------+-------++-------
Melee: Unarmed           |     5 |     2 ||     7
 Cast: Freeze            |    34 |     3 ||    37
       Frozen Ramparts   |     2 |     4 ||     6
  Use: Scroll            |       |     5 ||     5
Armor: Robe              |     6 |     3 ||     9
Dodge: Dodged            |     3 |     4 ||     7
